 Dungeon Crawl Stone Soup version 0.24.1-14-gf8d2b509d9 (webtiles) character file.

Game seed: 13607762058700441686, levelgen mode: deterministic

91 Hugehornet the Cudgeler (level 4, 0/39 HPs)
             Began as a Troll Wizard on May 22, 2020.
             Slain by a gnoll
             ... wielding a +0 spear
              (2 damage)
             ... on level 2 of the Dungeon.
             The game lasted 00:02:23 (1500 turns).

Hugehornet the Cudgeler (Troll Wizard)              Turns: 1500, Time: 00:02:23

Health: 0/39       AC:  6    Str: 15    XL:     4   Next: 33%
Magic:  15/15      EV:  9    Int: 15    God:
Gold:   70         SH:  0    Dex:  8    Spells: 6/7 levels left

rFire    . . .     SeeInvis .   f - +0 mace
rCold    . . .     Gourm    +   (no shield)
rNeg     . . .     Faith    .   a - +0 robe
rPois    .         Spirit   .   b - +0 hat
rElec    .         Reflect  .   (no cloak)
rCorr    .         Harm     .   (gloves unavailable)
MR       .....                  (boots unavailable)
Stlth    +.........             (no amulet)
HPRegen  0.53/turn              e - ring of magical power
MPRegen  0.14/turn              k - ring of flight (curse)

@: lethally poisoned (0 -> 0)
A: large, unfitting armour, claws 3, fast metabolism 3, gourmand, regeneration
1, shaggy fur 1, tough skin 3
a: Evoke Flight


You were on level 2 of the Dungeon.
You were completely stuffed.

You visited 1 branch of the dungeon, and saw 2 of its levels.

You collected 70 gold pieces.

Inventory:

Hand Weapons
 f - a +0 mace (weapon)
Armour
 a - a +0 robe (worn)
 b - a +0 hat (worn)
Jewellery
 e - a ring of magical power (left claw)
 k - a cursed ring of flight (right claw)
 m - an uncursed ring of protection from magic {unknown}
Scrolls
 c - 3 scrolls of identify {unknown}
 g - a scroll of blinking {unknown}
 h - a scroll of enchant weapon {unknown}
 i - a scroll of magic mapping {unknown}
 l - a scroll of fear {unknown}
Potions
 j - a potion of flight {unknown}
 o - a potion of berserk rage {unknown}
Comestibles
 d - 4 rations


   Skills:
 + Level 3.4 Maces & Flails
 - Level 1.5 Dodging
 - Level 1.0 Stealth
 - Level 2.1 Spellcasting
 - Level 0.6 Conjurations
   Level 0.6 Summonings
   Level 0.6 Translocations


You had 6 spell levels left.
You knew the following spells:

 Your Spells              Type           Power        Failure   Level  Hunger
a - Magic Dart            Conj           #...         17%         1    #......

Your spell library contained the following spells:

 Spells                   Type           Power        Failure   Level  Hunger
 Blink                    Tloc           N/A          26%         2    ###....
 Call Imp                 Summ           #.......     26%         2    ###....
 Slow                     Hex            #.......     32%         2    ###....
 Conjure Flame            Conj/Fire      #.......     50%         3    ###....
 Mephitic Cloud           Conj/Pois/Air  #.......     52%         3    ###....


Dungeon Overview and Level Annotations

Branches:
Dungeon (2/15)

Altars:


Innate Abilities, Weirdness & Mutations

You are too large for most types of armour.
You have claws for hands.
Your metabolism is lightning-fast.
You like to eat raw meat.
Your natural rate of healing is unusually fast.
You are covered in fur. (AC +1)
You have extremely tough skin. (AC +3)


Message History

The gnoll completely misses you.
You barely miss the gnoll.
The gnoll is moderately wounded.
The gnoll hits you with a +0 spear.
* * * LOW HITPOINT WARNING * * *
You hit the gnoll but do no damage.
The gnoll is moderately wounded.
The gnoll hits you with a +0 spear.
* * * LOW HITPOINT WARNING * * *
You hit the gnoll.
The gnoll is severely wounded.
You feel sick. The gnoll hits you but does no damage.
You hit the gnoll but do no damage.
The gnoll is severely wounded.
The gnoll hits you with a +0 spear.
* * * LOW HITPOINT WARNING * * *
You hit the gnoll.
The gnoll is almost dead.
The gnoll hits you but does no damage. The gnoll hits you with a +0 spear.
You die...

.......#.#.#.#.......... #...
#........#...#......#.. #.#.
............#......##.# #.#.
..<........##...##.#..# #...
##....##.......###.#.#####.#
##..
...###....###.####.........#
#.. .###
......#.#.......###### ##. .
## ..###....g##).......## #.
#..###...#.#.@..#####...# ##.
.......##.g####.#######.####..
......##..## #............(.#
.......#K### #####.......(.##
....g.((g..# #.........##
............# #####...........
....?...........(.............
......#######.................
.....# #####..)........


You could see a gnoll.

Vanquished Creatures
  6 adders (D:2)
  A dart slug (D:1)
  A giant cockroach (D:1)
  4 goblins
  3 hobgoblins
  2 jackals (D:2)
  7 kobolds
  A quokka (D:2)
  A ball python (D:1)
  3 bats
  A frilled lizard (D:1)
  7 rats
  A plant (D:1)
38 creatures vanquished.

Notes
Turn   | Place    | Note
-------+----------+-------------------------------------------
     0 | D:1      | Hugehornet the Troll Wizard began the quest for the Orb.
     0 | D:1      | Reached XP level 1. HP: 16/16 MP: 2/2
   452 | D:1      | Reached skill level 1 in Maces & Flails
   452 | D:1      | Reached XP level 2. HP: 24/24 MP: 4/4
  1150 | D:2      | Reached skill level 2 in Maces & Flails
  1162 | D:2      | Reached XP level 3. HP: 25/31 MP: 5/5
  1255 | D:2      | Reached skill level 3 in Maces & Flails
  1343 | D:2      | Reached XP level 4. HP: 30/39 MP: 6/6
  1500 | D:2      | Slain by a gnoll

Levels and vault maps discovered:
D:1:      kilobyte_arrival_exit_the_forest, layout_rooms, minivault_19
D:2:      layout_rooms, first_ration

Skill      XL: |  1  2  3 |
---------------+----------+-----
Maces & Flails | 1 2 3 |  3.4
Dodging        | |  1.5
Stealth        | |  1.0
Spellcasting   | |  2.1
Conjurations   | |  0.6
Summonings     | |  0.6
Translocations | |  0.6

Action                   |  1- 3 |  4- 6 || total
-------------------------+-------+-------++-------
Melee: Mace              |   178 |    34 ||   212
 Abil: Evoke Flight      |     1 |       ||     1
  Eat: Chunk             |    19 |     1 ||    20
Armor: Robe              |    85 |    13 ||    98
Dodge: Dodged            |    84 |    28 ||   112
